 Dungeon Crawl Stone Soup version 0.30.1-9-gdf580d7c3d (webtiles) character file.

Game seed: 14035986514181772972

49 Ivernyr the Shield-Bearer (level 4, 35/35 HPs)
             Began as a Formicid Fighter on Oct 5, 2023.
             Got out of the dungeon alive.
             The game lasted 00:02:49 (1462 turns).

Ivernyr the Shield-Bearer (Formicid Fighter)        Turns: 1462, Time: 00:02:49

Health: 35/35      AC:  6    Str: 22    XL:     4   Next: 2%
Magic:  4/4        EV:  9    Int:  8    God:
Gold:   64         SH:  5    Dex: 13    Spells: 3/3 levels left

rFire   . . .        a - +0 quarterstaff
rCold   . . .        c - +0 buckler
rNeg    . . .        b - +0 scale mail
rPois   .            (helmet unavailable)
rElec   .            (no cloak)
rCorr   .            (no gloves)
SInv    +            (no boots)
Will    .....        (no amulet) Stlth
                     (no ring)
HPRegen 0.25/turn    (no ring)
MPRegen 0.09/turn

%: no passive effects
@: no status effects
A: permanent stasis, dig shafts and tunnels, antennae 3, four strong arms
a: Dig, Shaft Self


You escaped.
You visited 1 branch of the dungeon, and saw 2 of its levels.

You collected 64 gold pieces.

Inventory:

Hand Weapons
 a - a +0 quarterstaff (weapon)
Missiles
 p - a throwing net
Armour
 b - a +0 scale mail (worn)
 c - a +0 buckler (worn)
Scrolls
 f - a scroll of enchant weapon {unknown}
 g - 2 scrolls of amnesia {unknown}
 j - a scroll of identify {unknown}
 k - 2 scrolls of teleportation {unknown}
 l - a scroll of fear {unknown}
 q - a scroll of fog {unknown}
 r - a scroll of vulnerability {unknown}
Potions
 d - a potion of might
 e - a potion of mutation {unknown}
 h - a potion of heal wounds {unknown}
 i - a potion of berserk rage {unknown}
 m - a potion of cancellation {unknown}
 n - a potion of lignification {unknown}
 o - 2 potions of brilliance {unknown}


   Skills:
 - Level 3.2 Fighting
 + Level 4.0 Staves
 - Level 3.2 Armour
 - Level 4.0 Shields


You had 3 spell levels left.
You didn't know any spells.
Your spell library was empty.

Dungeon Overview and Level Annotations

Branches:
Dungeon (2/15)

Altars:

Shops:
D:1 [


Innate Abilities, Weirdness & Mutations

You cannot be hasted, slowed, berserked, paralysed or teleported.
You can dig through walls and to a lower floor.
You have a pair of large antennae on your head. (SInv)
Your four strong arms can wield two-handed weapons with a shield.


Message History

The hobgoblin hits you.
A hobgoblin is nearby!
You hit the hobgoblin.
The hobgoblin is severely wounded.
The hobgoblin barely misses you.
You hit the hobgoblin.
You kill the hobgoblin!
You open the door.
A dart slug comes into view.
Found a scroll labelled KINAKA QAGH.
A dart slug is nearby!
A dart slug is nearby!
There is an open door here.
The dart slug bites you but does no damage.
You thump the dart slug!
The dart slug is almost dead.
The dart slug launches a dart at you. The slug dart hits you.
You hit the dart slug.
You kill the dart slug!
Your Staves skill increases to level 4!
You have reached level 4!
You feel clever.
(D) Dungeon
Where to? (Enter - D:2, ? - help)
What level of the Dungeon? (default 1, ? - help)
You open the door.
There is an open door here.
There is a stone staircase leading up here.
You climb upwards.
There is a stone staircase leading down here.
You see here a +0 club.
There is an open door here.
There is a dry fountain here.
There is a staircase leading out of the dungeon here.
You see here a +0 hand axe.
You can't go up here!
There is a staircase leading out of the dungeon here.
Are you sure you want to leave the Dungeon?
This will make you lose the game!
You have escaped!

###.#.###.############# #.#.#
#.#...#...#...#
#.#.###.'.⌠.#.⌠...⌠.#
#.#.....#...#...#...###
#.#####.##.###.###.##.# ### #.#
#.##.# #.# #.##.# ##.## #.#
#.##.###.###.##.####.#.##
###.#####.#...#...#...#.....###.#
..........#.⌠.#)@.#.⌠.######.#.##
#.#########...#...#...#...###.##
#.# ##.###.###.####.###.# #.# #.#
#.# #.# #.....#
#.##########.###.###.####.....#
#.##......#...#...#...#.#.....#
#.....#...#.⌠...⌠.#.⌠.'.#.....#
####..#.###...#...#...#.#...(.#
#.....##############.#.#.###


There were no monsters in sight!

Vanquished Creatures
  2 adders (D:2)
  A worm (D:2)
  2 dart slugs
  An endoplasm (D:1)
  A giant cockroach (D:2)
  4 hobgoblins
  3 kobolds
  A quokka (D:2)
  A ball python (D:1)
  2 bats
  A frilled lizard (D:1)
  4 goblins
  2 rats
25 creatures vanquished.

Notes
Turn   | Place    | Note
-------+----------+-------------------------------------------
     0 | D:1      | Ivernyr the Formicid Fighter began the quest for the Orb.
     0 | D:1      | Reached XP level 1. HP: 18/18 MP: 1/1
    39 | D:1      | Found Pirchaase's Armour Boutique.
   165 | D:1      | Reached XP level 2. HP: 24/24 MP: 2/2
   691 | D:2      | Found a faded altar of an unknown god.
   896 | D:2      | Reached XP level 3. HP: 29/29 MP: 3/3
  1386 | D:2      | Reached XP level 4. HP: 31/35 MP: 4/4
  1462 | D:$      | Got out of the dungeon alive.

Illustrated notes

Levels and vault maps discovered:
D:1:      minmay_arrival_nine_rooms, layout_loops_ring, serial_shops, shop
D:2:      layout_loops_corners, ebering_ecumenical_altar_sacrificial

Skill      XL: |  1  2  3 |
---------------+----------+-----
Staves         | 3 4 |  4.0
Fighting       | |  3.2
Armour         | |  3.2
Shields        | |  4.0

Action                     |  1- 3 |  4- 6 || total
---------------------------+-------+-------++-------
  Melee: Quarterstaff      |    61 |       ||    61
 Armour: Scale mail        |    29 |       ||    29
  Dodge: Dodged            |    28 |       ||    28
  Block: Buckler           |     9 |       ||     9
